 Dungeon Crawl Stone Soup version 0.22.1-2-g9c5b331 (webtiles) character file.

2447 tognito the Cleaver (level 9, -16/105 HPs)
             Began as a Minotaur Berserker on Dec 22, 2018.
             Was a High Priest of Trog.
             Demolished by an orc warrior
             ... wielding a +0 glaive
              (18 damage)
             ... on level 7 of the Dungeon on Dec 23, 2018.
             The game lasted 00:13:34 (6716 turns).

tognito the Cleaver (Minotaur Berserker)            Turns: 6716, Time: 00:13:35

Health: -16/105    AC: 10    Str: 31    XL:     9   Next: 25%
Magic:  8/8        EV: 11    Int:  4    God:    Trog [*****.]
Gold:   302        SH:  2    Dex:  9    Spells: 8/8 levels left

rFire    + . .     SeeInvis .   a - +0 war axe
rCold    . . .     Gourm    .   (no shield)
rNeg     . . .     Faith    .   s - +0 scale mail
rPois    +         Spirit   .   (helmet restricted)
rElec    .         Reflect  +   y - +1 cloak {rPois}
rCorr    .         Harm     .   j - +0 pair of gloves
MR       .....                  t - +0 pair of boots
Stlth    ..........             h - +2 amulet of reflection
HPRegen  0.27/turn              m - ring of protection from fire
MPRegen  0.11/turn              (no ring)

@: berserking, very quick
A: retaliatory headbutt, horns 2
a: Berserk, Trog's Hand, Brothers in Arms, Renounce Religion


You were on level 7 of the Dungeon.
You worshipped Trog.
Trog was extremely pleased with you.
You were very hungry.

You visited 1 branch of the dungeon, and saw 7 of its levels.
You also visited: Sewer.

You collected 302 gold pieces.

Inventory:

Hand Weapons
 a - a +0 war axe (weapon)
 b - a +0 shortbow
Missiles
 g - 67 bolts
 w - 125 arrows
Armour
 j - a +0 pair of gloves (worn)
 s - a +0 scale mail (worn)
 t - a +0 pair of boots (worn)
 y - a +1 cloak of poison resistance (worn)
 E - a +0 cloak
Jewellery
 h - a +2 amulet of reflection (around neck)
 m - a ring of protection from fire (left hand)
 n - a cursed amulet of inaccuracy {unknown}
Wands
 u - a wand of flame (60)
 x - a wand of disintegration (9)
Scrolls
 e - 2 scrolls of remove curse {unknown}
 f - 3 scrolls of identify {unknown}
 i - a scroll of fear {unknown}
 k - 2 scrolls of enchant weapon {unknown}
 l - a scroll of random uselessness {unknown}
 p - a scroll of amnesia {unknown}
 q - a scroll of teleportation {unknown}
 r - a scroll of fog {unknown}
 v - a scroll of blinking {unknown}
 D - a scroll of silence {unknown}
Potions
 d - 6 potions of heal wounds
 o - 2 potions of might
 z - a potion of agility
 A - a potion of brilliance
 C - 2 potions of curing {unknown}
Comestibles
 c - 17 rations
 B - 5 chunks of flesh


   Skills:
 - Level 3.6 Fighting
 + Level 13.6 Axes
 + Level 5.0 Bows
 - Level 2.4 Armour
 - Level 2.1 Dodging


You had 8 spell levels left.
You didn't know any spells.
Your spell library was empty.

Dungeon Overview and Level Annotations

Branches:
Dungeon (7/15)
 Temple: D:4-7

Altars:
Gozag
Hepliaklqana
Makhleb
Okawaru
Ru
Vehumet
Wu Jian
Xom


Innate Abilities, Weirdness & Mutations

You reflexively headbutt those who attack you in melee.
You have a pair of horns on your head.


Message History

You furiously retaliate!
You headbutt the ice beast!
You hear a shout!
You slash the ice beast!
You kill the ice beast!
Trog accepts your kill.
Your Bows skill increases to level 5!
You hear a bark!
The gnoll hits you but does no damage.
The orc warrior hits you from afar with a glaive!!
* * * LOW HITPOINT WARNING * * *
Things that are here:
a spear; an arrow; a gnoll corpse You barely miss the gnoll.
The orc wizard begins to cast a cantrip, but forgets the words!
The gnoll barely misses you. You furiously retaliate!
You headbutt the gnoll! You slice the gnoll!!
You kill the gnoll!
Trog accepts your kill.
The orc warrior hits you from afar with a glaive!!
You die...

#. ### ### #.#.#
#. ..##.. #.#.###
.#.###.##.#
####.....#
.....#.##.# #....#
. #.....#.###.##.#
.###.##.......##.#
........#.######.#
.....>....# #)#
<#....###..... #@#
.#.#### #.###.
#.)oo.#
...######..
###o#.#
............ _..
..........### ###
#########. # # #


You could see an orc warrior, an orc priest and an orc wizard.

Vanquished Creatures
  Sigmund (D:3)
  Menkaure (D:6)
  An ice beast (D:7)
  An orc warrior (D:6)
  A phantom (D:5)
  2 sky beasts
  2 centaurs (D:5)
  An ogre (D:5)
  A crocodile (Sewer)
  2 bullfrogs
  2 scorpions
  3 vampire bats (D:5)
  A bullfrog zombie (D:5)
  3 crimson imps
  4 jellies
  5 orc wizards
  6 orc priests
  Crazy Yiuf (D:6)
  Jessica (D:3)
  3 worker ants
  A gnoll shaman (D:5)
  Robin (D:3)
  8 gnolls
  8 adders
  3 shadow imps (D:5)
  An ooze (D:2)
  2 adder skeletons
  An adder zombie (D:6)
  2 worms (D:3)
  3 dart slugs
  2 leopard geckos
  18 orcs
  11 bats
  4 giant cockroaches
  18 goblins
  8 hobgoblins
  8 jackals
  11 kobolds
  2 quokkas
  4 frilled lizards
  9 rats
167 creatures vanquished.

Vanquished Creatures (others)
  A gnoll (D:5)
  An orc (D:5)
  A goblin (D:2)
3 creatures vanquished.

Grand Total: 170 creatures vanquished

Notes
Turn   | Place    | Note
-------+----------+-------------------------------------------
     0 | D:1      | tognito the Minotaur Berserker began the quest for the Orb.
     0 | D:1      | Reached XP level 1. HP: 19/19 MP: 0/0
   310 | D:1      | Reached skill level 4 in Axes
   315 | D:1      | Reached XP level 2. HP: 13/26 MP: 1/1
  1232 | D:2      | Reached skill level 5 in Axes
  1235 | D:2      | Reached XP level 3. HP: 31/31 MP: 2/2
  1622 | D:2      | Reached ** piety under Trog
  1684 | D:2      | Found an ornate altar of the Wu Jian Council.
  1984 | D:3      | Noticed Sigmund
  2004 | D:3      | Killed Sigmund
  2004 | D:3      | Reached skill level 7 in Axes
  2004 | D:3      | Reached XP level 4. HP: 20/39 MP: 3/3
  2004 | D:3      | Reached XP level 5. HP: 23/45 MP: 4/4
  2187 | D:3      | Noticed Jessica
  2193 | D:3      | Killed Jessica
  2299 | D:3      | Reached skill level 8 in Axes
  2303 | D:3      | Reached XP level 6. HP: 40/51 MP: 5/5
  2494 | D:3      | Found a glowing drain.
  2501 | Sewer    | Entered a sewer
  2669 | D:3      | Reached skill level 9 in Axes
  2920 | D:3      | Noticed Robin
  2923 | D:3      | Reached *** piety under Trog
  2930 | D:3      | Killed Robin
  3345 | D:3      | Found a hazy altar of Hepliaklqana.
  3464 | D:4      | Found an iron altar of Okawaru.
  3485 | D:4      | Reached XP level 7. HP: 43/57 MP: 6/6
  3498 | D:4      | Reached skill level 10 in Axes
  3807 | D:4      | You fall through a shaft!
  3807 | D:5      | Entered Level 5 of the Dungeon
  3890 | D:5      | Reached **** piety under Trog
  3890 | D:5      | Reached skill level 11 in Axes
  4030 | D:5      | Found a shimmering altar of Xom.
  4041 | D:5      | Reached XP level 8. HP: 7/64 MP: 3/7
  4537 | D:5      | Reached skill level 12 in Axes
  4667 | D:5      | Reached skill level 1 in Bows
  5329 | D:5      | Reached skill level 13 in Axes
  5336 | D:5      | Found a burning altar of Makhleb.
  5446 | D:6      | Found a sacrificial altar of Ru.
  5587 | D:6      | Found a radiant altar of Vehumet.
  5627 | D:6      | Noticed Menkaure
  5635 | D:6      | Killed Menkaure
  5740 | D:6      | Reached XP level 9. HP: 64/70 MP: 8/8
  6391 | D:6      | Reached ***** piety under Trog
  6517 | D:6      | Found a runed door.
  6522 | D:6      | Noticed Crazy Yiuf
  6531 | D:6      | Killed Crazy Yiuf
  6701 | D:7      | Found an opulent altar of Gozag.
  6713 | D:7      | Reached skill level 5 in Bows
  6714 | D:7      | HP: 2/105 [orc warrior/glaive (23)]
  6716 | D:7      | Demolished by an orc warrior

Skill      XL: |  1  2  3  4  5  6  7  8  9 |
---------------+----------------------------+-----
Axes           | 4 5 7 8 9 11 13 | 13.6
Bows           | 3 5 |  5.0
Fighting       | |  3.6
Armour         | |  2.4
Dodging        | |  2.1

Action                   |  1- 3 |  4- 6 |  7- 9 || total
-------------------------+-------+-------+-------++-------
Melee: Hand axe          |    52 |       |       ||    52
       Headbutt          |    15 |    15 |    37 ||    67
       War axe           |    37 |    97 |   204 ||   338
 Fire: Shortbow          |       |       |    67 ||    67
Invok: Berserk           |     1 |     2 |     1 ||     4
  Use: Potion            |     5 |     1 |     1 ||     7
  Eat: Chunk             |     4 |     7 |    10 ||    21
Armor: Animal skin       |    16 |       |       ||    16
       Ring mail         |     2 |    16 |       ||    18
       Scale mail        |       |    28 |    72 ||   100
Dodge: Dodged            |    56 |    48 |    91 ||   195
Block: Other             |     3 |     5 |    10 ||    18
       Reflection        |     1 |       |       ||     1
